 Dungeon Crawl Stone Soup version 0.31.0-32-g396128a36d (webtiles) character file.

Game seed: 17540681286277291297

807 MollyMolluskus the Ruffian (level 7, -10/49 HPs)
             Began as an Octopode Fighter on Apr 9, 2024.
             Mangled by an ogre
             ... wielding a +0 giant club
              (23 damage)
             ... on level 5 of the Dungeon.
             The game lasted 00:10:59 (3176 turns).

MollyMolluskus the Ruffian (Octopode Fighter)       Turns: 3176, Time: 00:11:00

Health: -10/49     AC:  2    Str: 17    XL:     7   Next: 92%
Magic:  7/7        EV: 14    Int: 11    God:
Gold:   372        SH:  6    Dex: 14    Spells: 6/6 levels left

rFire   . .          .
                       - Unarmed
rCold   + . .        a - +1 buckler
rNeg    . . .        d - +1 hat "Ethroibad" {rElec Dex+3 Slay+2}
rPois   .            (no amulet)
rElec   +            j - ring of protection from cold
rCorr   +            k - ring of flight
SInv    .            n - ring of resist corrosion
Will    .....        (no ring)
Stlth   ++++         (no ring)
HPRegen 0.28/turn    (no ring)
MPRegen 0.10/turn    (no ring)
                     (no ring)

%: no passive effects
@: flying, studying Maces & Flails
A: almost no armour, amphibious, 8 rings, camouflage 1, gelatinous body 1,
(nimble swimmer 1), tentacles
a: no special abilities


You were on level 5 of the Dungeon.
You visited 2 branches of the dungeon, and saw 6 of its levels.

You collected 372 gold pieces.

Inventory:

Missiles
 e - 10 poisoned darts (quivered)
 f - 30 stones
 l - 5 silver javelins
Armour
 a - a +1 buckler (worn)
 d - the +1 hat "Ethroibad" (worn) {rElec Dex+3 Slay+2}
   (You acquired it on level 2 of the Dungeon)

   Dex+3:     It affects your dexterity (+3).
   Slay+2:    It affects your accuracy & damage with ranged weapons and melee
   (+2).
   rElec:     It insulates you from electricity.
Jewellery
 j - a ring of protection from cold (left tentacle)
 k - a ring of flight (right tentacle)
 n - a ring of resist corrosion (on tentacle)
Wands
 h - a wand of iceblast (10)
Potions
 b - a potion of heal wounds
 c - a potion of haste
 g - 2 potions of mutation
 i - a potion of ambrosia


   Skills:
 + Level 4.7 Fighting
 + Level 4.7 Dodging
 - Level 4.0 Stealth
 - Level 4.0 Shields
 * Level 5.7 Unarmed Combat


You had 6 spell levels left.
You didn't know any spells.
Your spell library contained the following spells:

 Spells                   Type           Power      Damage    Failure   Level
 Lesser Beckoning         Tloc           0%         N/A       56%         2
 Gell's Gravitas          Tloc           0%         N/A       80%         3
 Teleport Other           Tloc           0%         N/A       80%         3


Dungeon Overview and Level Annotations

Branches:
Dungeon (5/15)             Temple (1/1) D:4

Altars:
Ashenzari
Cheibriados
Dithmenos
Elyvilon
Gozag
Hepliaklqana
Makhleb
Okawaru
Qazlal
Ru
Sif Muna
Trog
Uskayaw
Xom
Yredelemnul
Zin
The Shining One

Shops:
D:3 [


Innate Abilities, Weirdness & Mutations

You cannot wear most types of armour.
You are amphibious.
You can wear up to eight rings at the same time.
Your skin changes colour to match your surroundings (Stealth+).
Your rubbery body absorbs attacks. (AC +1, EV +1)
((You are camouflaged when in or above water. (Stealth+)))
You have tentacles for arms and can constrict up to eight enemies at once.


Message History

Aim: a scorpion (60% to hit)
You throw a poisoned dart. The poisoned dart hits the scorpion.
The scorpion is poisoned.
You completely miss the scorpion. You grab the scorpion.
The scorpion is lightly wounded.
You constrict the scorpion. The scorpion stings you.
You block the scorpion's attack.
The ogre shouts!
You tentacle-slap the scorpion but do no damage.
The scorpion is moderately wounded.
You constrict the scorpion.
You hear a shout!
You block the scorpion's attack.
You tentacle-slap the scorpion.
You kill the scorpion!
You bludgeon the orc wizard! You grab the orc wizard.
The orc wizard is severely wounded.
You constrict the orc wizard.
The orc wizard points at you and mumbles some strange words.
The puff of flame hits you.
You bludgeon the orc wizard!
You kill the orc wizard!
You bludgeon the orc!
You kill the orc!
Items here: )) [ †.
You barely miss the ogre.
An orc comes into view. It is wielding a +0 club.
You block the ogre's attack.
You bludgeon the ogre! You squeeze the ogre.
The ogre is heavily wounded.
You bludgeon the ogre!
The ogre is severely wounded.
The ogre hits you with a +0 giant club!!
Ouch! That really hurt!
* * * LOW HITPOINT WARNING * * *
The orc curses loudly.
You tentacle-slap the ogre. Your squeeze misses the ogre.
The ogre is almost dead.
The ogre hits you with a +0 giant club!!
You die...

.... ####...... ..<
###.... .$. ###..
.. ##..# # #.##
##...# .. #..#
##....# ... #..#
#.....# .... #.#
##.....# .....
###@## #.....##
......#.Oo.#
#######
...........##
o.....o...#.###
......o####...## #
o...... ##.....# ##
....(..##......##
#.
.O⌠.._.#........##
##.
.......#.........##
##..


You could see an ogre and 3 orcs.

Vanquished Creatures
  2 black bears (D:4)
  An ogre (D:5)
  A phantom (D:3)
  3 scorpions
  A bombardier beetle (D:3)
  A howler monkey (D:4)
  Ijyb (D:3)
  2 orc wizards
  5 adders
  A white imp (D:5)
  4 dart slugs
  4 orcs
  7 endoplasms
  5 giant cockroaches
  5 goblins
  10 hobgoblins
  2 quokkas
  11 ball pythons
  6 bats
  A frilled lizard (D:1)
  8 kobolds
  6 rats
87 creatures vanquished.

Notes
Turn   | Place    | Note
-------+----------+-------------------------------------------
     0 | D:1      | MollyMolluskus the Octopode Fighter began the quest for the
                  | Orb.
     0 | D:1      | Reached XP level 1. HP: 16/16 MP: 1/1
   107 | D:1      | Reached XP level 2. HP: 21/21 MP: 2/2
   179 | D:1      | Reached skill level 1 in Stealth
   290 | D:1      | Reached XP level 3. HP: 23/26 MP: 3/3
   747 | D:2      | Found a faded altar of an unknown god.
  1102 | D:2      | Found a snail-covered altar of Cheibriados.
  1103 | D:2      | Identified a scroll of acquirement
  1103 | D:2      | Acquired the +1 hat "Ethroibad" {rElec Dex+3 Slay+2}
  1259 | D:3      | Noticed Ijyb
  1259 | D:3      | Found Cotwup's Antique Armour Boutique.
  1267 | D:3      | Killed Ijyb
  1268 | D:3      | Reached skill level 3 in Unarmed Combat
  1268 | D:3      | Reached XP level 4. HP: 16/31 MP: 4/4
  1305 | D:3      | Noticed a scorpion
  1528 | D:3      | Killed a scorpion
  1529 | D:3      | Reached XP level 5. HP: 23/36 MP: 5/5
  1961 | D:4      | Reached skill level 4 in Unarmed Combat
  1961 | D:4      | Reached XP level 6. HP: 15/43 MP: 6/6
  1991 | D:4      | Found a staircase to the Ecumenical Temple.
  2226 | Temple   | Entered the Ecumenical Temple
  2478 | D:4      | Noticed a black bear
  2490 | D:4      | Killed a black bear
  2491 | D:4      | Reached XP level 7. HP: 38/48 MP: 7/7
  2744 | D:4      | Reached skill level 5 in Unarmed Combat
  3014 | D:5      | Entered Level 5 of the Dungeon
  3060 | D:5      | Found a hazy altar of Hepliaklqana.
  3157 | D:5      | Found a basalt altar of Yredelemnul.
  3176 | D:5      | Mangled by an ogre

Illustrated notes

Levels and vault maps discovered:
D:1:      minmay_arrival_stair_chambers, layout_rooms, serial_bayou_lake_a
D:2:      layout_loops_ring, basic_altar, shapermc_ecumenical_altar_acropolis
D:3:      layout_rooms, serial_shops, shop_coins, uniq_ijyb
D:4:      layout_basic, minmay_temple_entry_stoned_glass, sigmund_army
D:5:      layout_cave_pods, general_overflow_altar, grunt_temple_overflow_open
Temple:   nicolae_temple_superstar

Skill      XL: |  1  2  3  4  5  6  7 |
---------------+----------------------+-----
Stealth        | 1 2 3 4 |  4.0
Unarmed Combat | 3 4 5 |  5.7
Fighting       | 4 |  4.7
Dodging        | 4 |  4.7
Shields        | 4 |  4.0

Action                     |  1- 3 |  4- 6 |  7- 9 || total
---------------------------+-------+-------+-------++-------
  Melee: Unarmed           |    83 |    71 |    31 ||   185
         Constrict         |    22 |    12 |     9 ||    43
         Tentacles         |    19 |     7 |     8 ||    34
         Punch             |       |     2 |     1 ||     3
  Throw: Stone             |     5 |     3 |     2 ||    10
         Dart              |       |       |     3 ||     3
    Use: Scroll            |     6 |     3 |     4 ||    13
         Potion            |       |     1 |       ||     1
   Stab: Sleeping          |     7 |     9 |     1 ||    17
 Armour: Skin              |    32 |    22 |     9 ||    63
  Dodge: Dodged            |    39 |    38 |    14 ||    91
  Block: Buckler           |    13 |    11 |     4 ||    28
